 Dungeon Crawl Stone Soup version 0.17.1-1-g73c8601 (webtiles) character file.

4039 Implojin the Grappler (level 10, -4/88 HPs)
             Began as a Troll Fighter on Apr 2, 2016.
             Was a Priest of Okawaru.
             Slain by a manticore (20 damage)
             ... on level 11 of the Dungeon.
             The game lasted 00:13:42 (2242 turns).

Implojin the Grappler (Troll Fighter)               Turns: 2242, Time: 00:13:42

Health: -4/88      AC:  5    Str: 26    XL:     10   Next: 4%
Magic:  7/9        EV: 12    Int:  4    God:    Okawaru [***...]
Gold:   169        SH: 11    Dex: 12    Spells: 0 memorised, 9 levels left

rFire  . . .     SeeInvis .       - Unarmed
rCold  . . .     Clarity  .     a - +0 robe
rNeg   . . .     SustAt   .     b - +0 shield
rPois  .         Gourm    +     (helmet restricted)
rElec  .         Spirit   .     (no cloak)
rCorr  .         Warding  .     (gloves unavailable)
rMut   .         Stasis   .     (boots unavailable)
MR     .....                    l - amulet of regeneration
Stlth  ++........               (no ring)
                                e - ring of flight

@: heroism, not resistant to hostile enchantments, unstealthy
A: unfitting armour, claws 3, fast metabolism 3, gourmand, regeneration 2,
shaggy fur 1, tough skin 2
a: Heroism, Renounce Religion, Evoke Flight


You were on level 11 of the Dungeon.
You worshipped Okawaru.
Okawaru was most pleased with you.
You were very full.

You visited 2 branches of the dungeon, and saw 12 of its levels.
You also visited: Ossuary.

You collected 169 gold pieces.

Inventory:

Missiles
 f - 30 stones
 j - 4 large rocks
 k - 8 javelins (quivered)
Armour
 a - a +0 robe (worn)
 b - a +0 shield (worn)
Magical Staves
 u - an uncursed staff of power {unknown}
Jewellery
 e - a ring of flight (left claw)
 l - an amulet of regeneration (around neck)
Wands
 o - a wand of flame (46)
 r - a wand of polymorph (0)
 y - a wand of digging (14)
 z - a wand of confusion (16)
 B - a wand of draining (4)
 D - a wand of teleportation (4)
Scrolls
 g - a scroll of remove curse
 h - a scroll of recharging
 w - a scroll of amnesia
 x - 2 scrolls of teleportation
Potions
 c - 4 potions of might
 i - 3 potions of curing
 m - a potion of brilliance
 q - 2 potions of ambrosia
 s - 2 potions of agility
 t - 2 potions of haste
 v - a potion of heal wounds {unknown}
 A - a potion of cure mutation {unknown}
 C - a potion of flight {unknown}
Comestibles
 d - 4 bread rations
 n - 15 fruits
 p - a slice of pizza
 E - a meat ration
 F - 2 chunks of flesh


   Skills:
 - Level 2.4(7.4) Fighting
 - Level 2.4(7.4) Dodging
 - Level 2.4(7.4) Shields
 * Level 14.0(19.0) Unarmed Combat


You had 9 spell levels left.
You didn't know any spells.

Dungeon Overview and Level Annotations

Branches:
Dungeon (11/15)            Temple (1/1) D:5             Orc (0/4) D:10
   Lair: D:8-11

Altars:
Dithmenos
Elyvilon
Fedhas
Gozag
Nemelex Xobeh
Okawaru
Qazlal
Sif Muna
Trog
Xom
Zin
The Shining One

Annotations:
D:11 Implojin's ghost, novice TrFi


Innate Abilities, Weirdness & Mutations

You are too large for most types of armour.
You have claws for hands.
Your metabolism is lightning-fast.
You like to eat raw meat.
You heal very quickly.
You are covered in fur (AC +1).
You have very tough skin (AC +2).


Message History

You mangle the centaur!!
You kill the centaur!
Okawaru accepts your kill.
Your Unarmed Combat skill increases to level 14!
Things that are here:
a shortbow; 15 arrows There isn't anything to butcher here.
Unknown command.
There is a stone staircase leading down here.
You climb downwards.
Level annotation: Implojin's ghost, novice TrFi
There is a stone staircase leading up here.
You open the door.
Found 10 arrows of frost.
There is an open door here.
A manticore comes into view.
You claw the manticore!
The manticore is lightly wounded.
The manticore bites you! The manticore claws you! The manticore claws you.
You fail to use your ability.
The manticore bites you!
* * * LOW HITPOINT WARNING * * *
You block the manticore's attack. The manticore barely misses you.
You completely miss the manticore.
The manticore is lightly wounded.
The manticore barely misses you. The manticore claws you!
* * * LOW HITPOINT WARNING * * *
The manticore claws you but does no damage.
You gain the combat prowess of a mighty hero.
You feel slightly less full. The manticore bites you!
* * * LOW HITPOINT WARNING * * *
The manticore claws you.
* * * LOW HITPOINT WARNING * * *
The manticore claws you!
* * * LOW HITPOINT WARNING * * *
You claw the manticore!
The manticore is moderately wounded.
You closely miss the manticore.
The manticore is moderately wounded.
The manticore bites you!!
You die...

##+###########
#............#
#............#
#............#
#............# .
#......@H....# ..
#............# ...
#.......(....+
....###'##########
...............
...............
.......<.......
...............
...............


You could see a manticore.

Vanquished Creatures
  A centaur skeleton (D:11)
  4 yaks (D:10)
  An orc warrior (D:10)
  A water moccasin (D:9)
  4 ogres
  A black bear (D:7)
  A sky beast (D:10)
  A phantom (D:9)
  A big kobold (D:10)
  A crocodile (D:10)
  3 centaurs
  3 elf zombies (Ossuary)
  6 giant frogs
  A wyvern skeleton (D:10)
  3 scorpions
  7 killer bees
  2 wights (D:7)
  2 crimson imps
  A jelly (D:10)
  2 orc priests
  2 human zombies (Ossuary)
  A giant frog zombie (D:10)
  2 hounds
  4 orc wizards
  5 centaur zombies (Ossuary)
  A giant frog skeleton (D:10)
  2 worker ants
  A hound skeleton (D:6)
  2 mummies (Ossuary)
  3 adders
  A shadow imp (D:6)
  A giant eyeball (D:10)
  An ooze (D:2)
  20 orcs
  4 bats (D:2)
  A goblin (D:1)
  A hobgoblin (D:3)
  10 kobolds
  4 quokkas
  A giant gecko (D:2)
  A giant newt (D:3)
  A goblin zombie (Ossuary)
  9 hobgoblin zombies (Ossuary)
  10 kobold zombies (Ossuary)
  5 orc zombies (Ossuary)
  3 rats (D:2)
  A rat zombie (Ossuary)
143 creatures vanquished.

Vanquished Creatures (others)
  A hound (D:10)
  An adder (D:10)
2 creatures vanquished.

Grand Total: 145 creatures vanquished

Notes
Turn   | Place    | Note
--------------------------------------------------------------
     0 | D:1      | Implojin the Troll Fighter began the quest for the Orb.
     0 | D:1      | Reached XP level 1. HP: 22/22 MP: 0/0
   101 | D:2      | Reached XP level 2. HP: 29/29 MP: 1/1
   192 | D:2      | Reached skill level 3 in Unarmed Combat
   335 | D:4      | Reached XP level 3. HP: 31/36 MP: 2/2
   357 | D:5      | Entered Level 5 of the Dungeon
   445 | D:6      | Reached skill level 4 in Unarmed Combat
   472 | D:6      | Reached XP level 4. HP: 31/44 MP: 3/3
   522 | D:6      | Found a sand-covered staircase.
   527 | Ossuary  | Entered an ossuary
   582 | Ossuary  | Reached skill level 5 in Unarmed Combat
   597 | Ossuary  | Reached XP level 5. HP: 50/50 MP: 4/4
   679 | Ossuary  | Reached skill level 6 in Unarmed Combat
   679 | Ossuary  | Reached XP level 6. HP: 59/59 MP: 5/5
   771 | Ossuary  | Reached skill level 7 in Unarmed Combat
   794 | Ossuary  | Reached XP level 7. HP: 55/66 MP: 6/6
   872 | D:6      | Reached skill level 8 in Unarmed Combat
   935 | D:5      | Found a staircase to the Ecumenical Temple.
   956 | Temple   | Entered the Ecumenical Temple
  1065 | Temple   | Became a worshipper of Warmaster Okawaru
  1135 | D:7      | Reached skill level 9 in Unarmed Combat
  1214 | D:8      | Reached XP level 8. HP: 68/74 MP: 7/7
  1238 | D:8      | Found a blossoming altar of Fedhas.
  1282 | D:9      | Reached skill level 10 in Unarmed Combat
  1364 | D:9      | Reached * piety under Okawaru
  1433 | D:9      | Reached skill level 11 in Unarmed Combat
  1468 | D:10     | Entered Level 10 of the Dungeon
  1549 | D:10     | Reached ** piety under Okawaru
  1557 | D:10     | Reached XP level 9. HP: 68/80 MP: 5/8
  1647 | D:10     | Found a staircase to the Orcish Mines.
  1668 | D:10     | Reached skill level 12 in Unarmed Combat
  1787 | D:10     | Paralysed by a giant eyeball for 2 turns
  1925 | D:11     | Noticed a centaur skeleton
  1932 | D:11     | Killed a centaur skeleton
  1932 | D:11     | Reached skill level 13 in Unarmed Combat
  1994 | D:11     | Noticed Implojin's ghost (novice TrFi)
  2056 | D:10     | Reached *** piety under Okawaru
  2100 | D:10     | Reached XP level 10. HP: 88/88 MP: 9/9
  2222 | D:10     | Reached skill level 14 in Unarmed Combat
  2233 | D:11     | Noticed a manticore
  2242 | D:11     | Slain by a manticore

Action                   |  1- 3 |  4- 6 |  7- 9 | 10-12 || total
-------------------------+-------+-------+-------+-------++-------
Melee: Unarmed           |   100 |   153 |   250 |     8 ||   511
Invok: Heroism           |       |       |     4 |     1 ||     5
Evoke: Wand              |       |       |     2 |       ||     2
  Use: Scroll            |       |       |    12 |       ||    12
       Potion            |       |       |     1 |       ||     1
 Stab: Distracted        |       |       |     1 |       ||     1
  Eat: Chunk             |     9 |       |    18 |     2 ||    29

Table legend:
 A = Turns spent in this place as a percentage of turns spent in the entire game.
 B = Non-inter-level travel turns spent in this place as a percentage of non-inter-level travel turns spent in the entire game.
 C = Inter-level travel turns spent in this place as a percentage of turns spent in this place.
 D = Turns resting spent in this place as a percentage of non-inter-level travel turns spent in this place.
 E = Turns spent auto-exploring this place as a percentage of non-inter-level travel turns spent in this place.
 F = Non-inter-level travel turns spent in this place divided by the number of levels of this place that you've seen.
                   A       B       C       D       E      F
               +-------+-------+-------+-------+-------+----------------------
         Total | 100.0 | 100.0 |   0.0 |   0.0 |   0.0 | 168.1
       Dungeon |  81.4 |  81.4 |   0.0 |   0.0 |   0.0 | 161.7
        Temple |   6.3 |   6.3 |   0.0 |   0.0 |   0.0 | 137.0
       Ossuary |  12.3 |  12.3 |   0.0 |   0.0 |   0.0 | 269.0
               +-------+-------+-------+-------+-------+----------------------

Table legend:
 A = Kills in this place as a percentage of kills in entire the game.
 B = Kills by you in this place as a percentage of kills by you in the entire game.
 C = Kills by friends in this place as a percentage of kills by friends in the entire game.
 D = Other kills in this place as a percentage of other kills in the entire game.
 E = Experience gained in this place as a percentage of experience gained in the entire game.
 F = Experience gained in this place divided by the number of levels of this place that you have seen.
                   A       B       C       D       E      F
               +-------+-------+-------+-------+-------+----------------------
         Total | 100.0 | 100.0 |  -nan |  -nan | 100.0 | 443.8
       Dungeon |  73.4 |  73.4 |  -nan |  -nan |  88.6 | 465.0
       Ossuary |  26.6 |  26.6 |  -nan |  -nan |  11.4 | 655.0
               +-------+-------+-------+-------+-------+----------------------
